 Dungeon Crawl Stone Soup version 0.29.1-15-g9cfb28693d (webtiles) character file.

Game seed: 17019287206054772607

5973 raph the Thaumaturge (level 10, -5/58 HPs)
             Began as a Deep Elf Earth Elementalist on Mar 25, 2023.
             Was a Priest of Vehumet.
             Slain by a two-headed ogre (20 damage)
             ... on level 8 of the Dungeon.
             The game lasted 00:21:10 (13133 turns).

raph the Thaumaturge (Deep Elf Earth Elementalist) Turns: 13133, Time: 00:21:10

Health: -5/58      AC:  6    Str:  5    XL:     10   Next: 55%
Magic:  15/33      EV: 16    Int: 31    God:    Vehumet [***...]
Gold:   452        SH:  0    Dex: 15    Spells: 7/26 levels left

rFire   . . .      SeeInvis .   a - +5 dagger (venom)
rCold   . . .      Faith    .   (no shield)
rNeg    . . .      Spirit   .   f - +2 robe {Will+}
rPois   .          Reflect  .   (no helmet)
rElec   .          Harm     .   t - +1 cloak
rCorr   .          Rampage  .   (no gloves)
Will    ++...                   (no boots)
Stlth   ++++......              g - amulet of the acrobat
HPRegen 0.19/turn               z - ring of magical power
MPRegen 0.23/turn               o - +6 ring of intelligence

@: no status effects
A: no striking features
a: Renounce Religion


You were on level 8 of the Dungeon.
You worshipped Vehumet.
Vehumet was most pleased with you.
You visited 2 branches of the dungeon, and saw 9 of its levels.
You also visited: Bailey.

You collected 452 gold pieces.

Inventory:

Hand Weapons
 a - a +5 dagger of venom (weapon)
 h - a +0 short sword
 m - a +0 dagger
 x - the +2 hand axe of Destiny {vorpal, rPois}
   (You found it on level 6 of the Dungeon)

   It inflicts extra damage upon your enemies.
   rPois:     It protects you from poison.
Missiles
 c - 8 poisoned darts
 F - a curare-tipped dart
 G - 2 throwing nets
Armour
 f - a +2 robe of willpower (worn)
 t - a +1 cloak (worn)
 u - a +0 robe
Jewellery
 d - a ring of see invisible
 g - an amulet of the acrobat (around neck)
 l - a +4 ring of evasion
 o - a +6 ring of intelligence (right hand)
 v - an amulet of regeneration
 z - a ring of magical power (left hand)
 B - a ring of protection from fire
 D - a +6 ring of intelligence
Wands
 q - a wand of paralysis (11)
 y - a wand of iceblast (10)
 C - a wand of digging (6)
Scrolls
 w - 3 scrolls of enchant weapon
Potions
 b - a potion of magic
 e - 5 potions of attraction
 i - 3 potions of mutation
 j - a potion of heal wounds {unknown}
 k - 2 potions of curing
 n - 4 potions of flight
 p - a potion of resistance
 r - 2 potions of degeneration {unknown}
 s - a potion of berserk rage {unknown}
Miscellaneous
 E - a lightning rod (4/4)


   Skills:
 + Level 4.9 Fighting
 + Level 7.8 Dodging
 + Level 8.1 Stealth
 + Level 8.7 Spellcasting
 + Level 4.7 Conjurations
 * Level 7.6 Hexes
 - Level 1.4 Transmutations
 - Level 8.3 Earth Magic


You had 7 spell levels left.
You knew the following spells:

 Your Spells              Type           Power      Damage    Failure   Level
a - Sandblast             Erth           100%       2d20      1%          1
b - Passwall              Tmut/Erth      35%        N/A       1%          2
c - Stone Arrow           Conj/Erth      100%       3d13      1%          3
d - Petrify               Tmut/Erth      43%        N/A       4%          4
e - Tukima's Dance        Hex            57%        N/A       1%          3
f - Cause Fear            Hex            28%        N/A       1%          4
g - Poisonous Vapours     Pois/Air       26%        N/A       1%          2

Your spell library contained the following spells:

 Spells                   Type           Power      Damage    Failure   Level
 Searing Ray              Conj           84%        2d7       1%          2
 Inner Flame              Hex/Fire       37%        N/A       1%          3
 Portal Projectile        Hex/Tloc       74%        N/A       2%          3
 Blink                    Tloc           26%        N/A       5%          2
 Lesser Beckoning         Tloc           13%        N/A       11%         3
 Blade Hands              Tmut           11%        N/A       50%         5
 Manifold Assault         Tloc           13%        N/A       71%         5
 Discord                  Hex            28%        N/A       100%        8


Dungeon Overview and Level Annotations

Branches:
Dungeon (8/15)             Temple (1/1) D:4            Lair (0/5) D:8
 Bailey (visited)

Altars:
Ashenzari
Cheibriados
Dithmenos
Elyvilon
Fedhas
Gozag
Hepliaklqana
Kikubaaqudgha
Makhleb
Nemelex Xobeh
Okawaru
Qazlal
Ru
Sif Muna
Trog
Uskayaw
Vehumet
Wu Jian
Xom
Yredelemnul
Zin
The Shining One

Annotations:
D:3 1 runed translucent door, gargbit's ghost, amateur DsHu


Message History

Casting: Stone Arrow (safe; 1% risk of failure)
Confirm with . or Enter, or press ? or * to list all spells.
Aiming: Petrify (dangerous; 4% risk of failure)
Press: ? - help, Shift-Dir - straight line, f - two-headed ogre
Aim: a two-headed ogre (chance to affect: 50%)
The two-headed ogre resists with some effort.
The two-headed ogre hits you!! The two-headed ogre hits you!
Casting: Petrify (dangerous; 4% risk of failure)
Confirm with . or Enter, or press ? or * to list all spells.
Aiming: Petrify (dangerous; 4% risk of failure)
Press: ? - help, Shift-Dir - straight line, f/p - two-headed ogre
Aim: a two-headed ogre (chance to affect: 50%)
The two-headed ogre resists with some effort.
The two-headed ogre barely misses you. The two-headed ogre misses you.
Casting: Petrify (dangerous; 4% risk of failure)
Confirm with . or Enter, or press ? or * to list all spells.
Aiming: Petrify (dangerous; 4% risk of failure)
Press: ? - help, Shift-Dir - straight line, f/p - two-headed ogre
Aim: a two-headed ogre (chance to affect: 50%)
The two-headed ogre resists with some effort.
The two-headed ogre attacks as you move away!
The two-headed ogre hits you. The two-headed ogre misses you.
Casting: Petrify (dangerous; 4% risk of failure)
Confirm with . or Enter, or press ? or * to list all spells.
Aiming: Petrify (dangerous; 4% risk of failure)
Press: ? - help, Shift-Dir - straight line, f/p - two-headed ogre
Aim: a two-headed ogre (chance to affect: 50%)
The two-headed ogre resists with some effort.
The two-headed ogre hits you.
* * * LOW HITPOINT WARNING * * *
The two-headed ogre barely misses you.
Casting: Petrify (dangerous; 4% risk of failure)
Confirm with . or Enter, or press ? or * to list all spells.
Aiming: Petrify (dangerous; 4% risk of failure)
Press: ? - help, Shift-Dir - straight line, f/p - two-headed ogre
Aim: a two-headed ogre (chance to affect: 50%)
The two-headed ogre resists with some effort.
The two-headed ogre attacks as you move away!
The two-headed ogre hits you!!
You die...

#.##.#####.# #..# #.# ####
#.##.......# ##.# #.# #...
#.########.#######.###.# #.## #.#
#..........##.# #.## ##.#
#.####.##).##.######.## #..# #.#
#.#...#........... #.## #.#
#>#.#.#..#.####### #.# #.#
#)O...#..#.# # #.##
#.####@#.###..#.##
...########....<.#.# #.....######
.........##.######.###...........
...#####.##............#...######
#### #............#.###.##
####.#######.#.# #.# #.# #.#.#
#.# #.# #.#.# #.####### #.#
#.#.###........


You could see a two-headed ogre.

Vanquished Creatures
  An orc knight (Bailey)
  2 hornets (D:8)
  Grinder (D:5)
  A wyvern (D:8)
  A yak (D:4)
  A steam dragon (D:7)
  Menkaure (D:7)
  3 wargs (D:8)
  Edmund (D:5)
  2 water moccasins (D:8)
  8 orc warriors (Bailey)
  6 ice beasts
  3 ogres
  2 kobold brigands
  Blork the orc (D:5)
  A necrophage (D:8)
  A bullfrog (D:6)
  3 scorpions
  3 gnoll sergeants
  A wight (D:8)
  3 killer bees (D:7)
  3 howler monkeys
  4 orc priests
  5 hounds
  5 jellies
  4 iguanas
  5 orc wizards
  9 gnolls
  12 adders
  2 shadow imps (D:6)
  2 white imps
  4 ufetubi
  3 dart slugs
  25 orcs
  5 ball pythons
  8 endoplasms
  4 giant cockroaches
  19 goblins
  4 hobgoblins
  7 jackals
  17 kobolds
  5 quokkas
  5 bats
  4 frilled lizards
  5 rats
212 creatures vanquished.

Vanquished Creatures (collateral kills)
  An orc warrior (Bailey)
  A jelly (D:6)
  A gnoll (D:7)
  An orc (Bailey)
  2 kobolds (Bailey)
6 creatures vanquished.

Vanquished Creatures (others)
  4 dancing weapons
  3 fungi (D:6)
  2 plants (D:8)
9 creatures vanquished.

Grand Total: 227 creatures vanquished

Notes
Turn   | Place    | Note
-------+----------+-------------------------------------------
     0 | D:1      | raph the Deep Elf Earth Elementalist began the quest for
                  | the Orb.
     0 | D:1      | Reached XP level 1. HP: 10/10 MP: 6/6
   340 | D:1      | Reached XP level 2. HP: 13/15 MP: 4/8
   383 | D:1      | Learned a level 2 spell: Passwall
   615 | D:1      | Found a faded altar of an unknown god.
  1049 | D:2      | Reached XP level 3. HP: 19/19 MP: 4/9
  1688 | D:2      | Reached skill level 5 in Earth Magic
  1688 | D:2      | Reached XP level 4. HP: 24/24 MP: 8/10
  2702 | D:3      | Noticed gargbit's ghost (amateur DsHu)
  2707 | D:3      | Reached XP level 5. HP: 28/28 MP: 8/11
  2895 | D:3      | Learned a level 3 spell: Stone Arrow
  2898 | D:3      | Found a stormy altar of Qazlal.
  2914 | D:3      | Found a runed translucent door.
  3023 | D:3      | Identified the +1 ring mail "Olyut" {rN+}
  4040 | D:4      | Found a staircase to the Ecumenical Temple.
  4154 | Temple   | Entered the Ecumenical Temple
  4489 | Temple   | Became a worshipper of Vehumet
  4931 | D:4      | Noticed an ogre
  4938 | D:4      | Killed an ogre
  4939 | D:4      | Reached XP level 6. HP: 33/33 MP: 7/13
  4996 | D:4      | Learned a level 4 spell: Petrify
  5094 | D:4      | Reached skill level 1 in Fighting
  5094 | D:4      | Noticed a yak
  5249 | D:4      | Noticed a yak
  5250 | D:4      | Noticed a yak
  5251 | D:4      | Noticed a yak
  5276 | D:4      | Killed a yak
  5277 | D:4      | Reached XP level 7. HP: 38/38 MP: 3/15
  5700 | D:5      | Entered Level 5 of the Dungeon
  5708 | D:5      | Noticed Edmund
  5736 | D:5      | Killed Edmund
  6020 | D:5      | Noticed Grinder
  6028 | D:5      | Paralysed by Grinder for 4 turns
  6041 | D:5      | Killed Grinder
  6042 | D:5      | Reached skill level 5 in Spellcasting
  6244 | D:5      | Reached XP level 8. HP: 45/45 MP: 12/18
  6675 | D:5      | Reached skill level 5 in Dodging
  6675 | D:5      | Reached skill level 5 in Stealth
  6940 | D:5      | Noticed Blork the orc
  6950 | D:5      | Killed Blork the orc
  7495 | D:6      | Found a sparkling altar of Nemelex Xobeh.
  7511 | D:6      | Reached * piety under Vehumet
  7511 | D:6      | Offered knowledge of Shock by Vehumet.
  7741 | D:6      | Identified the +2 hand axe of Destiny {vorpal, rPois}
  7814 | D:6      | Learned a level 3 spell: Tukima's Dance
  8479 | D:6      | Reached skill level 1 in Hexes
  8544 | D:6      | Reached skill level 1 in Conjurations
  8745 | D:7      | Reached XP level 9. HP: 47/51 MP: 21/21
  8880 | D:7      | Found a flagged portal.
  8904 | D:7      | Noticed Menkaure
  8910 | D:7      | Killed Menkaure
  8969 | D:7      | Learned a level 4 spell: Cause Fear
  8970 | Bailey   | Entered a bailey
  9175 | Bailey   | Noticed an orc knight
  9848 | Bailey   | Offered knowledge of Poisonous Vapours by Vehumet.
  9849 | Bailey   | Killed an orc knight
  9850 | Bailey   | Reached skill level 5 in Hexes
 10683 | D:7      | Reached ** piety under Vehumet
 10920 | D:7      | Reached XP level 10. HP: 58/58 MP: 19/24
 11411 | D:8      | Learned a level 2 spell: Poisonous Vapours
 11463 | D:8      | Found a staircase to the Lair.
 12294 | D:8      | Offered knowledge of Searing Ray by Vehumet.
 12420 | D:8      | Noticed a two-headed ogre
 12555 | D:8      | Reached *** piety under Vehumet
 12595 | D:8      | Noticed a two-headed ogre
 12606 | D:8      | Noticed a manticore
 13133 | D:8      | Slain by a two-headed ogre

Illustrated notes

Levels and vault maps discovered:
D:1:      dpeg_arrival_stonehenge_8_columns, layout_basic,
          hellmonk_ecumenical_altar_lost_god
D:2:      layout_rooms
D:3:      layout_basic, mainiacjoe_overflow_brackets,
          hellmonk_ghost_happy_afterlife, amcnicky_mini_corridor_feature,
          minmay_misc_feat_rows
D:4:      layout_rooms, minmay_temple_entry_fiery
D:5:      layout_basic, minmay_holes, hangedman_decor_points,
          kennysheep_cross_room, uniq_edmund, uniq_blork_the_orc, uniq_grinder
D:6:      layout_gridville, mainiacjoe_overflow_boulevard
D:7:      layout_basic, enter_bailey_5, uniq_menkaure
D:8:      kennysheep_windowed_halls, layout_loops_ring,
          erik_lair_orcish_takeover
Temple:   mainiacjoe_temple_cubbyholes

Skill      XL: |  1  2  3  4  5  6  7  8  9 10 |
---------------+-------------------------------+-----
Earth Magic    | 4 5 6 7 8 |  8.3
Dodging        | 3 4 6 7 |  7.8
Fighting       | 1 2 3 4 |  4.9
Stealth        | 3 4 6 7 8 |  8.1
Spellcasting   | 4 5 6 8 |  8.7
Hexes          | 1 5 7 |  7.6
Conjurations   | 1 3 4 |  4.7
Transmutations | |  1.4

Action                   |  1- 3 |  4- 6 |  7- 9 | 10-12 || total
-------------------------+-------+-------+-------+-------++-------
Melee: Short sword       |     9 |       |       |       ||     9
       Dagger            |       |    11 |    12 |    42 ||    65
       Punch             |       |       |       |     4 ||     4
Throw: Dart              |       |     1 |     3 |       ||     4
 Cast: Sandblast         |    34 |    68 |    44 |     1 ||   147
       Passwall          |     2 |     4 |     1 |     2 ||     9
       Stone Arrow       |       |    10 |   108 |    52 ||   170
       Petrify           |       |     1 |    17 |    14 ||    32
       Tukima's Dance    |       |       |    18 |    14 ||    32
       Cause Fear        |       |       |     1 |     2 ||     3
       Poisonous Vapours |       |       |       |     8 ||     8
Evoke: Wand              |       |       |     4 |       ||     4
  Use: Scroll            |       |     9 |     3 |     6 ||    18
       Potion            |       |       |     2 |       ||     2
 Stab: Sleeping          |     4 |     4 |     4 |       ||    12
       Petrified         |       |       |     4 |     2 ||     6
       Petrifying        |       |       |       |     1 ||     1
Armor: Robe              |     5 |     7 |     1 |    12 ||    25
Dodge: Dodged            |    10 |    28 |    52 |    62 ||   152
